 Dungeon Crawl Stone Soup version 0.30-b1-2-g02819fbbbe (webtiles) character file.

Game seed: 489725700318957971

3411 nightchill the Slicer (level 10, -4/84 HPs)
             Began as a Vine Stalker Berserker on Jan 9, 2024.
             Was a Priest of Trog.
             Slain by Erica
             ... wielding a +4 scimitar of flaming
              (6 damage)
             ... on level 8 of the Dungeon.
             The game lasted 00:16:18 (6732 turns).

nightchill the Slicer (Vine Stalker Berserker)      Turns: 6732, Time: 00:16:19

Health: -4/84      AC:  6    Str: 23    XL:     10   Next: 4%
Magic:  0/11       EV: 11    Int:  7    God:    Trog [***...]
Gold:   596        SH:  0    Dex: 15    Spells: 9/9 levels left

rFire   . . .        q - +0 rapier
rCold   + . .        (no shield)
rNeg    . . .        o - +0 ring mail
rPois   +            (no helmet)
rElec   .            (no cloak)
rCorr   .            A - +0 pair of gloves
SInv    .            (no boots)
Will    +++..        (no amulet) Stlth
                     y - ring of protection from cold
HPRegen 2.14/turn    F - ring of poison resistance
MPRegen 0.12/turn

%: guardian spirit
@: berserking, strong-willed, regenerating, very quick
A: fangs 3, regeneration 1, magic shield, antimagic bite, no potion heal 2
a: Renounce Religion, Berserk, Trog's Hand


You were on level 8 of the Dungeon.
You worshipped Trog.
Trog was most pleased with you.
You visited 1 branch of the dungeon, and saw 8 of its levels.
You also visited: Ossuary.

You collected 596 gold pieces.

Inventory:

Hand Weapons
 a - a +0 short sword
 q - a +0 rapier (weapon)
 G - the +7 short sword "Undertaker" {heavy, rPois Dex+4}
   (You found it on level 7 of the Dungeon)

   Dex:       It affects your dexterity (+4).
   rPois:     It protects you from poison.
Armour
 b - a +0 animal skin
 k - a +0 leather armour
 o - a +0 ring mail (worn)
 A - a +0 pair of gloves (worn)
Jewellery
 y - a ring of protection from cold (left hand)
 B - a ring of magical power
 D - a ring of protection from fire
 F - a ring of poison resistance (right hand)
Wands
 p - a wand of flame (13)
 x - a wand of iceblast (15)
Scrolls
 c - 2 scrolls of enchant weapon {unknown}
 g - a scroll of fog {unknown}
 h - a scroll of poison {unknown}
 n - 2 scrolls of amnesia {unknown}
 s - a scroll of brand weapon {unknown}
 w - 2 scrolls of teleportation {unknown}
 z - a scroll of immolation {unknown}
 E - a scroll of torment {unknown}
 H - a scroll of blinking {unknown}
Potions
 d - 3 potions of brilliance
 e - 2 potions of attraction
 f - 6 potions of curing
 i - a potion of magic {unknown}
 j - 3 potions of heal wounds
 l - a potion of invisibility {unknown}
 m - 3 potions of cancellation
 r - 2 potions of mutation
 t - 3 potions of haste
 u - 3 potions of lignification
 v - a potion of ambrosia {unknown}
 C - 3 potions of might {unknown}


   Skills:
 + Level 7.9 Fighting
 * Level 10.8 Short Blades
 - Level 1.5 Armour
 - Level 1.5 Dodging


You had 9 spell levels left.
You didn't know any spells.
Your spell library was empty.

Dungeon Overview and Level Annotations

Branches:
Dungeon (8/15)             Temple (0/1) D:5         Ossuary (visited)
   Lair: D:8-11

Altars:
Okawaru
Sif Muna
Wu Jian
Yredelemnul
Zin

Annotations:
D:8 2 transporters, Erica; diceflayer's ghost, novice DsGl


Innate Abilities, Weirdness & Mutations

You have razor-sharp teeth.
Your natural rate of healing is unusually fast.
When hurt, damage is shared between your health and your magic reserves.
Your bite disrupts and absorbs the magic of your enemies.
Potions cannot restore your health.


Message History

You now have 596 gold pieces (gained 18).
Erica the Fiery-Tempered comes into view.
She is wielding a +4 scimitar of flaming and carrying a wand of iceblast (9).
Erica shouts!
Erica mumbles some strange words.
Erica flickers and vanishes!
Deactivating autopickup; reactivate with Ctrl-A.
Your skin crawls.
You feel strong-willed.
You hear a zap.
An iceblast appears from out of thin air!
The mass of ice explodes!
The iceblast engulfs you. You partially resist.
You hear a shout! x2
You hit something. You completely miss something. Something hits you!
Something burns you.
You miss something. Your bite misses something. Something hits you.
Something burns you.
You completely miss something. You closely miss something. You bite something.
Something hits you! Something burns you.
* * * LOW HITPOINT WARNING * * *
Something hits you!
* * * LOW HITPOINT WARNING * * *
Something burns you.
* * * LOW HITPOINT WARNING * * *
A red film seems to cover your vision as you go berserk!
You feel yourself moving faster!
You feel mighty!
You hear some strange, mumbled words.
A lance of force appears from out of thin air!
The lance of force hits you!!
* * * LOW HITPOINT WARNING * * *
You are knocked back by the lance of force.
You slam into the rock wall!
* * * LOW HITPOINT WARNING * * *
You feel a strong urge to attack something.
You barely miss something. You puncture something! Your bite misses something.
You hit something but do no damage. Something hits you!
* * * LOW HITPOINT WARNING * * *
Something burns you.
You die...

#.#...##.###.####
+.................
##.#..........####
#.....##.#####
########.# ##.##
##...# #..#.#
#!{@.# #.#### #.
#. .. #


There were no monsters in sight!

Vanquished Creatures
  Sigmund (D:4)
  A water moccasin (D:6)
  2 orc warriors
  2 black bears
  2 ice beasts
  5 ogres
  2 centaurs
  2 phantoms
  3 bullfrogs
  An elf zombie (Ossuary)
  3 scorpions
  4 wights (D:7)
  6 howler monkeys
  5 jellies
  A centaur zombie (Ossuary)
  An orc priest (D:7)
  2 hounds
  2 gnoll boudas
  Jessica (D:3)
  3 iguanas
  A sleepcap (D:6)
  Natasha (thrice) (D:3)
  5 orc wizards
  2 hound zombies (D:3)
  2 mummies (Ossuary)
  6 adders
  11 gnolls
  A shadow imp (D:6)
  A white imp (D:6)
  An adder zombie (D:3)
  2 worms
  A dart slug (D:1)
  14 orcs
  4 ball pythons
  7 bats
  9 endoplasms
  4 giant cockroaches
  7 gnoll zombies (Ossuary)
  4 goblins
  10 hobgoblins
  3 jackals (D:5)
  6 kobolds
  3 quokkas
  4 frilled lizards (D:2)
  2 goblin zombies (Ossuary)
  3 hobgoblin zombies (Ossuary)
  2 rats
167 creatures vanquished.

Vanquished Creatures (others)
  An orc wizard (D:4)
  12 fungi (D:5)
  A plant (D:5)
14 creatures vanquished.

Grand Total: 181 creatures vanquished

Notes
Turn   | Place    | Note
-------+----------+-------------------------------------------
     0 | D:1      | nightchill the Vine Stalker Berserker began the quest for
                  | the Orb.
     0 | D:1      | Reached XP level 1. HP: 11/11 MP: 2/2
    93 | D:1      | Reached skill level 3 in Short Blades
    93 | D:1      | Reached XP level 2. HP: 16/16 MP: 3/3
   106 | D:1      | Found a faded altar of an unknown god.
   706 | D:1      | Reached XP level 3. HP: 18/20 MP: 4/4
   956 | D:2      | Reached ** piety under Trog
  1017 | D:2      | Gained mutation: Your natural rate of healing is unusually
                  | fast. [Vine Stalker growth]
  1017 | D:2      | Reached XP level 4. HP: 22/24 MP: 3/5
  1317 | D:2      | Reached skill level 4 in Short Blades
  1575 | D:3      | Noticed Jessica
  1582 | D:3      | Killed Jessica
  1800 | D:3      | Noticed Natasha
  1808 | D:3      | Killed Natasha
  1809 | D:3      | Reached XP level 5. HP: 19/29 MP: 4/6
  1974 | D:3      | Found a shimmering blue altar of Sif Muna.
  1981 | D:3      | Noticed Natasha
  1987 | D:3      | Killed Natasha
  2125 | D:3      | Found an iron altar of Okawaru.
  2196 | D:3      | Found a basalt altar of Yredelemnul.
  2405 | D:3      | Noticed Natasha
  2417 | D:3      | Killed Natasha
  2418 | D:3      | Reached skill level 5 in Short Blades
  2790 | D:4      | Reached XP level 6. HP: 28/33 MP: 4/7
  3088 | D:4      | Reached *** piety under Trog
  3104 | D:4      | Noticed Sigmund
  3121 | D:4      | Killed Sigmund
  3122 | D:4      | Reached skill level 6 in Short Blades
  3122 | D:4      | Reached XP level 7. HP: 10/38 MP: 1/8
  3337 | D:4      | Reached skill level 5 in Fighting
  3740 | D:5      | Entered Level 5 of the Dungeon
  3761 | D:5      | Reached skill level 7 in Short Blades
  3761 | D:5      | Gained mutation: You have razor-sharp teeth. [Vine Stalker
                  | growth]
  3761 | D:5      | Reached XP level 8. HP: 13/43 MP: 3/9
  3942 | D:5      | Reached skill level 8 in Short Blades
  4068 | D:5      | Found an ornate altar of the Wu Jian Council.
  4286 | D:5      | Found a staircase to the Ecumenical Temple.
  4303 | D:5      | Found a glowing silver altar of Zin.
  4593 | D:6      | HP: 1/44 [ogre/+0 giant club (27)]
  4693 | D:6      | Reached XP level 9. HP: 31/49 MP: 10/10
  4848 | D:6      | Reached skill level 9 in Short Blades
  5097 | D:6      | Found a sand-covered staircase.
  5104 | Ossuary  | Entered an ossuary
  5822 | D:6      | Reached skill level 10 in Short Blades
  6440 | D:7      | Reached XP level 10. HP: 55/56 MP: 11/11
  6552 | D:7      | Identified the +7 short sword "Undertaker" {heavy, rPois
                  | Dex+4}
  6673 | D:8      | Found a transporter.
  6675 | D:8      | Found a transporter.
  6675 | D:8      | Noticed diceflayer's ghost (novice DsGl)
  6717 | D:8      | Noticed Erica
  6732 | D:8      | HP: 2/84 [something (10)]
  6732 | D:8      | Slain by Erica

Illustrated notes

Levels and vault maps discovered:
D:1:      minmay_arrival_wavy_path, layout_loops_ring,
          hellmonk_ecumenical_altar_run_dry, kennysheep_another_room,
          minmay_shallow_snake_nest
D:2:      layout_loops_ring, chequers_serial_rivers_micro_d
D:3:      layout_loops_corners, minitemple, nicolae_yredelemnul_corpse_copse,
          grunt_ministairs_5, uniq_natasha, uniq_crazy_yiuf_cottage,
          uniq_jessica
D:4:      wander_river, layout_gridville, uniq_sigmund
D:5:      layout_cave_pools, mainiacjoe_overflow_boulevard,
          mainiacjoe_overflow_chevrons, temple_green, kennysheep_small_circle
D:6:      layout_basic, chequers_ossuary_entry_cave,
          kennysheep_opposing_triangles
D:7:      layout_cave_pools, minivault_10
D:8:      layout_loops_corners, gammafunk_ghost_smash, uniq_erica

Skill      XL: |  1  2  3  4  5  6  7  8  9 |
---------------+----------------------------+-----
Short Blades   | 3 4 5 6 7 8 10 | 10.8
Fighting       | 3 4 5 6 7 |  7.9
Armour         | |  1.5
Dodging        | |  1.5

Action                     |  1- 3 |  4- 6 |  7- 9 | 10-12 || total
---------------------------+-------+-------+-------+-------++-------
  Melee: Short sword       |    88 |   216 |   120 |       ||   424
         Bite              |    29 |    53 |   169 |     8 ||   259
         Punch             |     1 |     4 |    11 |       ||    16
         Rapier            |       |       |   348 |    24 ||   372
 Invoke: Berserk           |     1 |     2 |    11 |     1 ||    15
         Trog's Hand       |       |     2 |    10 |     1 ||    13
    Use: Scroll            |       |       |     8 |       ||     8
   Stab: Sleeping          |     1 |     2 |       |       ||     3
 Armour: Animal skin       |    23 |     2 |       |       ||    25
         Leather armour    |       |    12 |       |       ||    12
         Ring mail         |       |    21 |   115 |       ||   136
  Dodge: Dodged            |    39 |    66 |   200 |     9 ||   314
